[Event "*** Titled Tuesday Blitz"]
[Site "Chess.com"]
[Date "2020.02.04"]
[Round "7"]
[White "Alopekos"]
[Black "VALPARAISO37"]
[Result "0-1"]
[WhiteElo "2465"]
[BlackElo "2277"]
[TimeControl "180+2"]
[EndTime "14:31:06 PST"]
[Termination "VALPARAISO37 won on time"]

1. e4 e5 2. Nf3 Nc6 3. Bb5 g6 4. d4 exd4 5. Bg5 Be7 6. Bxe7 Ngxe7 7. Nxd4 d5 8. exd5 Qxd5 9. O-O O-O 10. Nxc6 bxc6 11. Bd3 Rb8 12. Nc3 Qd4 13. Rb1 Nd5 14.
Qf3 Bg4 15. Qg3 Nxc3 16. bxc3 Qd7 17. Rb4 Be6 18. Rfb1 Rb6 19. a4 c5 20. Rb5 c4 21.
Bf1 Re8 22. h3 Bd5 23. Rd1 Rxb5 24. axb5 Qxb5 25. Qxc7 a5 26. Qd6 Be6 27. Ra1 a4 28. Be2 Qb2 29. Rxa4 Qxc3 0-1

[Event "*** Titled Tuesday Blitz"]
[Site "Chess.com"]
[Date "2020.02.04"]
[Round "7"]
[White "lelya96"]
[Black "GianmarcoVaR"]
[Result "0-1"]
[WhiteElo "2464"]
[BlackElo "2618"]
[TimeControl "180+2"]
[EndTime "14:31:16 PST"]
[Termination "GianmarcoVaR won by checkmate"]

1. e4 c5 2. Nf3 d6 3. d4 cxd4 4. Nxd4 Nf6 5. Nc3 a6 6. Be2 e5 7. Nb3 Be7 8. Qd3 O-O 9. Bg5 Be6 10. Rd1 Nbd7 11. O-O Rc8 12. f4 h6 13. Bxf6 Bxf6 14. f5 Bc4 15. Qxd6 Bxe2 16. Nxe2 Rxc2 17. Nc3 Nb6 18.
Qc5 Nd7 19. Qd6 Bg5 20. Qxd7 Be3+ 21. Kh1 Qg5 22. Rg1 Qh4 23. f6 Bf4 24. Qh3 Qxh3 25. gxh3 Rxh2# 0-1

[Event "*** Titled Tuesday Blitz"]
[Site "Chess.com"]
[Date "2020.02.04"]
[Round "7"]
[White "RestartingChess"]
[Black "AnnaChessLook"]
[Result "1-0"]
[WhiteElo "2351"]
[BlackElo "2234"]
[TimeControl "180+2"]
[EndTime "14:31:23 PST"]
[Termination "RestartingChess won by resignation"]

1. e4 c5 2. Nf3 Nc6 3. d4 cxd4 4. Nxd4 g6 5. b3 Bg7 6. Bb2 Qa5+ 7. Bc3 Qc5 8. Nb5 Bxc3+ 9. N1xc3 a6 10. Qd5 Qxd5 11.
Nc7+ Kd8 12. N7xd5 d6 13. O-O-O Be6 14. h3 h5 15. f4 Nh6 16. Bd3 Rc8 17. Kb2 b5 18. Rhf1 f5 19. exf5 Nxf5 20. Rde1 Bd7 21. Nb6 Rc7 22.
Nxd7 Kxd7 23. g4 hxg4 24. hxg4 Nfd4 25. Bxg6 Rh2 26. Nd5 Rb7 27. Rh1 Rg2 28. Rh7 Rxg4 29. Nxe7 Nxe7 30. Rexe7+ Kc6 31. Be4+ d5 32. Rh6+ Kc5 33. Rxb7 dxe4 34. Rc7+ Kb4 35. c3+ Ka5 36. b4+ 1-0

[Event "*** Titled Tuesday Blitz"]
[Site "Chess.com"]
[Date "2020.02.04"]
[Round "7"]
[White "chessdjw"]
[Black "SanchezKelvin"]
[Result "1-0"]
[WhiteElo "2592"]
[BlackElo "2370"]
[TimeControl "180+2"]
[EndTime "14:31:27 PST"]
[Termination "chessdjw won by resignation"]

1. c4 Nf6 2. Nc3 g6 3. e4 d6 4. d4 Bg7 5. Nf3 O-O 6. Be2 c5 7. O-O Bg4 8. d5 e6 9. h3 Bxf3 10. Bxf3 exd5 11. exd5 Nbd7 12. Bf4 Ne8 13. Qd2 Ne5 14.
Be2 f5 15. Bh2 Nc7 16. f4 Nf7 17. Bd3 Qf6 18. Kh1 a6 19. a4 Rfe8 20. g4 fxg4 21. hxg4 Qh4 22. g5 Bd4 23. Rae1 Rxe1 24. Rxe1 Re8 25.
Rxe8+ Nxe8 26. Kg2 Qg4+ 27. Bg3 h6 28. Bxg6 hxg5 29.
Bxf7+ Kxf7 30. fxg5 Be5 31. Qf2+ Kg6 32. Qf3 Qxf3+ 33.
Kxf3 Bxg3 34. Kxg3 Kxg5 35. Kf3 Kf5 36. Ne4 Ke5 37.
Ke3 Ng7 38. Ng5 Nf5+ 39. Kd3 Nd4 40. Nf7+ Kf6 41. Nxd6 b6 42. Nc8 b5 43. cxb5 1-0

[Event "*** Titled Tuesday Blitz"]
[Site "Chess.com"]
[Date "2020.02.04"]
[Round "7"]
[White "killer311"]
[Black "WPWPWP-2015"]
[Result "0-1"]
[WhiteElo "2282"]
[BlackElo "2523"]
[TimeControl "180+2"]
[EndTime "14:31:27 PST"]
[Termination "WPWPWP-2015 won by resignation"]

1. d4 Nf6 2. Nf3 e6 3. e3 c5 4. c4 cxd4 5. exd4 b6 6. Nc3 Bb7 7. d5 Bb4 8. Bd2 O-O 9. Be2 exd5 10. Nxd5 Bxd2+ 11. Qxd2 Bxd5 12. cxd5 d6 13. O-O Nbd7 14. Rfe1 h6 15. Nd4 Ne5 16. f4 Ng6 17. Nc6 Qd7 18.
Bd3 Rae8 19. Rac1 Rxe1+ 20. Rxe1 Nxd5 21. Bxg6 Qxc6 22. Rc1 Qb5 23. Be4 Nf6 24. Bc6 Qa6 25.
Qxd6 Qxa2 26. Qd4 Qe6 27. Bf3 Qe7 28. h3 Rd8 29. Qa4 Qe3+ 0-1

[Event "*** Titled Tuesday Blitz"]
[Site "Chess.com"]
[Date "2020.02.04"]
[Round "7"]
[White "Zkid"]
[Black "Supernotar"]
[Result "0-1"]
[WhiteElo "2825"]
[BlackElo "2600"]
[TimeControl "180+2"]
[EndTime "14:31:30 PST"]
[Termination "Supernotar won by resignation"]

1. e4 c6 2. d4 d5 3. exd5 cxd5 4. Bd3 Nc6 5. c3 Qc7 6. Ne2 e6 7. Bf4 Bd6 8. Bxd6 Qxd6 9. O-O Nge7 10. f4 O-O 11. Nd2 Bd7 12. Nf3 f6 13. Bc2 Rae8 14. Qd3 g6 15. h4 e5 16. fxe5 fxe5 17. dxe5 Nxe5 18. Nxe5 Qxe5 19. Nd4 Nf5 20. Rad1 Nxh4 21. Rxf8+ Rxf8 22. Qe2 Qg5 23. Rd3 Bg4 24. Qd2 Qf6 25.
Rg3 h5 26. Qe1 Nf5 27. Bxf5 gxf5 28. Re3 f4 29. Re5 f3 30. gxf3 Bxf3 31. Nxf3 Qxf3 32. Rg5+ Kh7 33. Qb1+ Kh8 34. Qe1 Kh7 35. Rg3 Qxg3+ 36.
Qxg3 Rg8 37. Kf2 Rxg3 38. Kxg3 Kg6 39. Kh4 Kh6 40. b3 Kg6 41. a4 Kh6 42. a5 a6 43. c4 dxc4 44. bxc4 Kg6 45. c5 Kh6 0-1

[Event "*** Titled Tuesday Blitz"]
[Site "Chess.com"]
[Date "2020.02.04"]
[Round "7"]
[White "INLOVEWITHF"]
[Black "chessasuke"]
[Result "0-1"]
[WhiteElo "2364"]
[BlackElo "2671"]
[TimeControl "180+2"]
[EndTime "14:31:32 PST"]
[Termination "chessasuke won by resignation"]

1. d4 g6 2. e4 Bg7 3. Nc3 d6 4. f4 c6 5. Nf3 d5 6. e5 h5 7. Bd3 Nh6 8. O-O Bf5 9. Nh4 e6 10.
Nxf5 gxf5 11. Ne2 h4 12. a4 Nd7 13. a5 a6 14. c3 c5 15. Qa4 Bf8 16. h3 Rc8 17.
Be3 Be7 18. b4 c4 19. Bc2 Kf8 20. b5 Rg8 21. Bc1 Rg6 22. Ba3 Kg7 23. Bxe7 Qxe7 24. Kh2 Rg8 25. bxa6 bxa6 26. Rab1 Kh8 27. Rg1 Nb8 28. Qb4 Qd8 29. Qb6 Qf8 30. Qd6 Qg7 31. g4 Nxg4+ 32. hxg4 Rxg4 33. Rxg4 Qxg4 0-1

[Event "*** Titled Tuesday Blitz"]
[Site "Chess.com"]
[Date "2020.02.04"]
[Round "7"]
[White "Philosopherrr"]
[Black "temus_galaktionov"]
[Result "0-1"]
[WhiteElo "2470"]
[BlackElo "2705"]
[TimeControl "180+2"]
[EndTime "14:31:34 PST"]
[Termination "temus_galaktionov won by resignation"]

1. e4 c6 2. d4 g6 3. Nc3 Bg7 4. Nf3 d6 5. Bc4 Nd7 6. a4 Ngf6 7. Qe2 e5 8. dxe5 dxe5 9. a5 O-O 10. Be3 Qe7 11. O-O Nc5 12. Ng5 h6 13. b4 Ncd7 14.
Nf3 Qxb4 15. Bd2 Qe7 16. Rfb1 Rd8 17. Na4 b5 18. axb6 axb6 19. Bb4 Qe8 20. Bb3 Ba6 21. Qe3 c5 22. Be1 c4 23. Ba2 b5 24. Nc3 Nf8 25.
h3 Rdb8 26. Nd5 Nxd5 27. exd5 Qd7 28. Bxc4 bxc4 29. Rxa6 Rxb1 30. Rxa8 Qxd5 31. Kh2 Qxa8 0-1

[Event "*** Titled Tuesday Blitz"]
[Site "Chess.com"]
[Date "2020.02.04"]
[Round "7"]
[White "Gogolev_Artemy"]
[Black "pawnwonder"]
[Result "1-0"]
[WhiteElo "2515"]
[BlackElo "2169"]
[TimeControl "180+2"]
[EndTime "14:31:36 PST"]
[Termination "Gogolev_Artemy won by resignation"]

1. d4 Nf6 2. c4 g6 3. Nc3 Bg7 4.
Nf3 O-O 5. e4 d6 6. Be2 e5 7.
O-O Nc6 8. d5 Ne7 9. b4 a5 10.
Ba3 axb4 11. Bxb4 Re8 12. c5 dxc5 13. Bxc5 c6 14. d6 Qa5 15. Rc1 Bg4 16. Be3 Nc8 17. h3 Bxf3 18. Bxf3 Rd8 19. a4 Rxd6 20. Qb3 Rd7 21.
Rfd1 Qc7 22. Nb5 Rxd1+ 23. Bxd1 Qd7 24. Nc3 Ne7 25. Be2 Ne8 26. Rd1 Qc7 27. Bb6 Qc8 28.
Rd8 Qxd8 29. Bxd8 Rxd8 30. Qxb7 Bf6 31. a5 Nd6 32. Qc7 Nec8 33. a6 Re8 34. a7 1-0

[Event "*** Titled Tuesday Blitz"]
[Site "Chess.com"]
[Date "2020.02.04"]
[Round "7"]
[White "Konavets"]
[Black "FairChess_on_YouTube"]
[Result "0-1"]
[WhiteElo "3011"]
[BlackElo "3041"]
[TimeControl "180+2"]
[EndTime "14:31:41 PST"]
[Termination "FairChess_on_YouTube won by resignation"]

1. e4 e5 2. Nf3 Nc6 3. Bc4 Bc5 4. O-O Nf6 5. d3 O-O 6. c3 d6 7. h3 h6 8. Re1 a6 9. a4 a5 10. Nbd2 Re8 11. Nf1 Be6 12. b3 d5 13. exd5 Bxd5 14. Bb5 e4 15. N3h2 exd3 16. Rxe8+ Qxe8 17. Qxd3 Rd8 18. Qc2 Qe4 19. Qxe4 Nxe4 20. Be3 Bxb3 21. Rb1 Bc2 22.
Rb2 Bd3 23. Bxd3 Rxd3 24. Rxb7 Bd6 25. c4 Rc3 26. c5 Nxc5 27. Rb5 Nxa4 28. Bd2 Rc5 29. Rb3 Nb6 30. Be3 a4 31. Rb1 Ra5 32. Nd2 Bb4 33. Nhf3 a3 34. Nb3 a2 35. Ra1 Bc3 36. Nxa5 Bxa1 37. Nxc6 Bc3 0-1

[Event "*** Titled Tuesday Blitz"]
[Site "Chess.com"]
[Date "2020.02.04"]
[Round "7"]
[White "WelshTiger"]
[Black "kasparicy"]
[Result "0-1"]
[WhiteElo "2310"]
[BlackElo "2264"]
[TimeControl "180+2"]
[EndTime "14:31:42 PST"]
[Termination "kasparicy won by resignation"]

1. e4 c5 2. Nf3 d6 3. d4 cxd4 4. Nxd4 Nf6 5. Nc3 a6 6. Be2 e6 7. g4 h6 8. h4 Qc7 9. Rg1 b5 10. g5 hxg5 11. hxg5 Nfd7 12. g6 Ne5 13. gxf7+ Qxf7 14. f4 Nc4 15. Ndxb5 axb5 16. Nxb5 d5 17. exd5 exd5 18.
Qxd5 Qxd5 19. Nc7+ Kf7 20. Nxd5 Nd6 21. Nb6 Ra7 22.
Nxc8 Nxc8 23. Bd2 Re7 24. Rg2 Rh1+ 25. Kf2 Rxa1 26. Bc4+ Ke8 27. b4 Nd6 28. Bb3 Ne4+ 29. Ke3 Nxd2+ 30. Kxd2 Rd7+ 31. Kc3 Rc7+ 32. Kb2 Re1 33.
c3 Bd6 34. a4 Bxf4 35. a5 Be5 36. Rc2 Rxc3 37. Rxc3 Re3 38. b5 Bxc3+ 39. Kc2 Bxa5 0-1

[Event "*** Titled Tuesday Blitz"]
[Site "Chess.com"]
[Date "2020.02.04"]
[Round "7"]
[White "politeplayer"]
[Black "2165149677570"]
[Result "1/2-1/2"]
[WhiteElo "2151"]
[BlackElo "2289"]
[TimeControl "180+2"]
[EndTime "14:31:44 PST"]
[Termination "Game drawn by repetition"]

1. e4 g6 2. d4 Nf6 3. Nc3 d5 4. exd5 Nxd5 5. Bc4 Nb6 6. Bb3 Bg7 7. Nf3 O-O 8. h4 Bg4 9. Be3 Nc6 10. Qd2 Bxf3 11. gxf3 Nxd4 12. Bxd4 Qxd4 13. Qe2 a5 14. a4 Qb4 15.
Kf1 h5 16. Ne4 c5 17. Ra3 c4 18. c3 Bxc3 19. Nxc3 cxb3 20. Kg2 Nc4 21. Nd5 Qc5 22. Nxe7+ Kh7 23. Rxb3 Rae8 24. Re1 Nd6 25. Rc3 Qb4 26. Qd2 Nc4 27. Qg5 Nxb2 28. Nd5 Rxe1 29. Nf6+ Kg7 30.
Nxh5+ Kg8 31. Nf6+ Kg7 32. Nh5+ Kg8 33. Nf6+ Kg7 34.
Nh5+ 1/2-1/2

[Event "*** Titled Tuesday Blitz"]
[Site "Chess.com"]
[Date "2020.02.04"]
[Round "7"]
[White "goldenspine"]
[Black "PNEPaul"]
[Result "1-0"]
[WhiteElo "2337"]
[BlackElo "1828"]
[TimeControl "180+2"]
[EndTime "14:31:48 PST"]
[Termination "goldenspine won by resignation"]

1. d4 a6 2. c4 d6 3. Nc3 g6 4. e4 Nd7 5. Nf3 Bg7 6. Be2 e6 7. Be3 Ne7 8. Qd2 h6 9. O-O b6 10. Rad1 Bb7 11. Rfe1 Nf6 12. e5 Ng4 13. exd6 cxd6 14.
Bf4 g5 15. Bg3 O-O 16. Nxg5 hxg5 17. Bxg4 f5 18. Qxg5 fxg4 19. Rxe6 Nf5 20. Qxg4 Nxg3 21. Qxg3 Qd7 22. d5 Rae8 23. Rxd6 Qe7 24. Re6 Qc5 25.
Ne4 Qxc4 26. Rxe8 Rxe8 27. Nf6+ Kf7 28. Nxe8 Kxe8 29. Qxg7 Bxd5 30. Re1+ Kd8 31. Qe7+ Kc8 32. h4 Qg4 33. Qg5 Qd7 34. Re7 Qd8 35. Qf5+ Kb8 36.
Rd7 Qg8 37. Qe5+ Ka8 38. Qxd5+ 1-0

[Event "*** Titled Tuesday Blitz"]
[Site "Chess.com"]
[Date "2020.02.04"]
[Round "7"]
[White "Tayson_7"]
[Black "Hrant_ChessMood"]
[Result "1-0"]
[WhiteElo "2706"]
[BlackElo "2893"]
[TimeControl "180+2"]
[EndTime "14:31:51 PST"]
[Termination "Tayson_7 won by resignation"]

1. e4 c6 2. d4 d5 3. exd5 cxd5 4. c4 Nf6 5. Nc3 e6 6. Nf3 Bb4 7. a3 Bxc3+ 8. bxc3 O-O 9. Bb2 b6 10. Bd3 Ba6 11.
cxd5 Bxd3 12. Qxd3 exd5 13. O-O Nc6 14. Ne5 Na5 15. a4 Rc8 16. Rfe1 Re8 17. h3 h6 18. Ba3 Nc4 19. Nxc4 dxc4 20. Qf5 Qd5 21. Qf4 Qd7 22.
a5 Nd5 23. Qf3 b5 24. a6 Re6 25. Rxe6 fxe6 26. Bc5 Qf7 27. Qg3 Kh7 28. Rb1 Rc6 29. Rxb5 Rxa6 30. Rb8 Ra1+ 31. Kh2 Ra2 32. Rf8 Qc7 33.
Bd6 Qd7 34. Be5 Ra3 35. Qf3 Nf6 36. Bxf6 gxf6 37. Qxf6 Qg7 38. Rf7 1-0

[Event "*** Titled Tuesday Blitz"]
[Site "Chess.com"]
[Date "2020.02.04"]
[Round "7"]
[White "SantoBlue"]
[Black "Sibelephant"]
[Result "0-1"]
[WhiteElo "2827"]
[BlackElo "3060"]
[TimeControl "180+2"]
[EndTime "14:31:53 PST"]
[Termination "Sibelephant won by resignation"]

1. c4 e5 2. Nc3 Nf6 3. g3 Nc6 4. Bg2 g6 5. d3 Bg7 6. Nf3 O-O 7. O-O Re8 8. Bg5 h6 9. Bd2 d6 10. Qc1 Kh7 11. Rb1 a5 12. Nd5 Bg4 13. Nxf6+ Qxf6 14. Bc3 Qe6 15. Re1 Bh3 16. Qd2 Bxg2 17. Kxg2 f5 18.
h4 e4 19. Ng1 d5 20. cxd5 Qxd5 21. dxe4 Qxe4+ 22. f3 Qe6 23. Bxg7 Kxg7 24. Nh3 Rad8 25. Qc3+ Qf6 26. Qxf6+ Kxf6 27. Nf4 Nb4 28. a3 Nc2 29. Rec1 Rd2 30. Kf1 c6 31. Kg1 g5 32. hxg5+ hxg5 33. Nd3 Rexe2 34. Rd1 Rg2+ 35. Kh1 Rh2+ 36. Kg1 Rdg2+ 0-1

[Event "*** Titled Tuesday Blitz"]
[Site "Chess.com"]
[Date "2020.02.04"]
[Round "7"]
[White "esteban062000"]
[Black "Fy_Rakotomaharo"]
[Result "0-1"]
[WhiteElo "2178"]
[BlackElo "2564"]
[TimeControl "180+2"]
[EndTime "14:31:53 PST"]
[Termination "Fy_Rakotomaharo won by resignation"]

1. Nf3 Nf6 2. c4 g6 3. b4 Bg7 4. Bb2 O-O 5. g3 d6 6. Bg2 e5 7. d3 Re8 8. O-O a5 9. b5 Nbd7 10. Nbd2 a4 11. Ba3 Nc5 12. Rc1 e4 13. dxe4 Nfxe4 14. Nxe4 Nxe4 15. Rc2 Qe7 16. e3 Nc5 17. Bb2 Bf5 18. Rd2 Bxb2 19. Rxb2 Bd3 20. Re1 Bxc4 21. Nd2 Be6 22. Qe2 a3 23. Rc2 Ra4 24. Rxc5 dxc5 25.
Bxb7 Bxa2 26. Bc6 Be6 27. Bxe8 Qxe8 28. Ne4 Rxe4 29. Qf3 Ra4 30. Rd1 a2 31. Ra1 Qxb5 32. Qf6 Qb1+ 33. Kg2 Bd5+ 34. f3 Qc2+ 35. Kh3 Qf5+ 36.
Qxf5 gxf5 37. Kg2 c4 38. Kf2 0-1

[Event "*** Titled Tuesday Blitz"]
[Site "Chess.com"]
[Date "2020.02.04"]
[Round "7"]
[White "VladDobrov"]
[Black "AliKa2810"]
[Result "1-0"]
[WhiteElo "2901"]
[BlackElo "2636"]
[TimeControl "180+2"]
[EndTime "14:31:54 PST"]
[Termination "VladDobrov won by resignation"]

1. e4 c6 2. d4 d5 3. f3 Qb6 4. Nc3 e6 5. a4 Bb4 6. Ne2 dxe4 7.
fxe4 Nf6 8. e5 Nd5 9. Qd3 O-O 10. Bd2 Nd7 11. Kd1 Nxc3+ 12. bxc3 Be7 13. Qg3 Rd8 14. Nc1 c5 15. a5 Qc7 16. Bd3 cxd4 17. cxd4 Nf8 18.
Ne2 Bd7 19. h4 Rac8 20. h5 a6 21. Bh6 g6 22. Bd2 Bb5 23. hxg6 fxg6 24. c4 Bxc4 25. Rc1 Bb3+ 26. Ke1 Qd7 27. Kf2 Rxc1 28. Rxc1 Rc8 29. Rf1 Bc2 30. Kg1 Bxd3 31. Qxd3 Qb5 32. Qf3 Qe8 33. Bh6 Rc7 34. Ng3 Bh4 35. Qxf8+ 1-0

[Event "*** Titled Tuesday Blitz"]
[Site "Chess.com"]
[Date "2020.02.04"]
[Round "7"]
[White "wolfje95"]
[Black "Astaneh"]
[Result "0-1"]
[WhiteElo "2383"]
[BlackElo "2547"]
[TimeControl "180+2"]
[EndTime "14:31:54 PST"]
[Termination "Astaneh won by resignation"]

1. e4 c5 2. Nf3 Nc6 3. g3 Nf6 4. d3 d5 5. Nbd2 dxe4 6. dxe4 Bg4 7. Bg2 Ne5 8. O-O Nxf3+ 9. Bxf3 h5 10. e5 Nd7 11.
Bxg4 hxg4 12. Qxg4 Nxe5 13. Qa4+ Qd7 14. Qxd7+ Kxd7 15. Kg2 Kc6 16. Ne4 Rd8 17. Bf4 Ng6 18. Be3 e6 19.
Rad1 Be7 20. f4 f5 21. Nc3 Bf6 22. Rxd8 Rxd8 23. Rd1 Rxd1 24. Nxd1 Ne7 25. Kf3 Nd5 26.
Bd2 b5 27. c3 a5 28. Ne3 b4 29. Nc4 bxc3 30. bxc3 Nxc3 31. Nxa5+ Kb5 32. Bxc3 Bxc3 33. Nb3 c4 34. Nc1 Bd2 35. Ne2 c3 36. g4 Kc4 37.
h4 fxg4+ 38. Kxg4 Kd3 39. Nxc3 Bxc3 40. f5 exf5+ 41. Kxf5 Bd2 42. Ke6 Kc4 43. Kf7 Bh6 44. h5 Kb4 45. Kg6 Ka3 46. Kf5 Kxa2 47. Kg4 Kb3 48. Kh4 Kc4 49. Kg4 Kd5 50. Kh4 Ke5 51.
Kg4 Ke4 52. Kh4 Kf4 0-1

[Event "*** Titled Tuesday Blitz"]
[Site "Chess.com"]
[Date "2020.02.04"]
[Round "7"]
[White "amiralfio"]
[Black "MisiekZielony"]
[Result "1-0"]
[WhiteElo "2528"]
[BlackElo "2351"]
[TimeControl "180+2"]
[EndTime "14:31:54 PST"]
[Termination "amiralfio won by resignation"]

1. e4 Nf6 2. Nc3 d5 3. exd5 Nxd5 4. Nf3 Nxc3 5. bxc3 g6 6. d4 Bg7 7. Bd3 O-O 8. O-O c5 9. dxc5 Nc6 10. Qe2 Qa5 11. Be3 Qxc3 12. Rab1 Be6 13. Rxb7 Bxa2 14. Be4 Bc4 15.
Bd3 Bxd3 16. cxd3 e6 17. Rc1 Qa3 18. h4 Rab8 19. Rxb8 Rxb8 20. Ng5 h6 21. Qf3 Ne5 22.
Qg3 hxg5 23. d4 Nc6 24. Qd6 Qa6 25. hxg5 Rd8 26. Qc7 Bxd4 27. Bxd4 Rxd4 28. Rb1 Rb4 29. Rxb4 Nxb4 30. Qb8+ Kg7 31. Qxb4 Qa1+ 32. Kh2 Qe5+ 33. f4 Qd5 34. Qc3+ Kg8 35. c6 Qd8 36. c7 Qc8 37. Qc5 Kh7 38. Qd6 1-0

[Event "*** Titled Tuesday Blitz"]
[Site "Chess.com"]
[Date "2020.02.04"]
[Round "7"]
[White "vugarrasulov"]
[Black "Kobalia"]
[Result "1-0"]
[WhiteElo "2904"]
[BlackElo "2636"]
[TimeControl "180+2"]
[EndTime "14:31:58 PST"]
[Termination "vugarrasulov won on time"]

1. e4 c6 2. d4 d5 3. Nc3 dxe4 4. Nxe4 Bf5 5. Nc5 e5 6. Nxb7 Qb6 7. Nc5 Bxc5 8. dxc5 Qxc5 9. c3 Nf6 10. Nf3 O-O 11. Be2 Nbd7 12. O-O a5 13. Qa4 Nb6 14. Qh4 Qe7 15.
Re1 Rfe8 16. Bf1 Nbd7 17. Nd4 Be4 18. Nb3 a4 19. Nd2 Bg6 20. Nc4 e4 21. Bf4 Nd5 22. Qxe7 Rxe7 23. Bd6 Re6 24. Ba3 Rb8 25. Rad1 h6 26. Rd4 N7f6 27. Ne3 Nxe3 28. fxe3 Ra8 29. Bc4 Re5 30. h3 Nd5 31. Bd6 Rg5 32. a3 Ra7 33.
Ba2 Rb7 34. Re2 Nxe3 35. Rb4 Rxb4 36. axb4 Nd5 37. c4 Nb6 38. c5 Nd5 39. b5 cxb5 40. c6 b4 41. h4 Rf5 42. g4 b3 43.
Bxb3 1-0

[Event "*** Titled Tuesday Blitz"]
[Site "Chess.com"]
[Date "2020.02.04"]
[Round "7"]
[White "ChessPlayer202202"]
[Black "ruvat"]
[Result "0-1"]
[WhiteElo "2248"]
[BlackElo "2395"]
[TimeControl "180+2"]
[EndTime "14:32:02 PST"]
[Termination "ruvat won by resignation"]

1. e4 d6 2. d4 Nf6 3. Nc3 g6 4. Nf3 Bg7 5. Be3 c6 6. a4 O-O 7. Bd3 Qc7 8. O-O Nbd7 9. Re1 e5 10. d5 cxd5 11. exd5 a6 12. a5 h6 13. h3 Re8 14.
Ra4 Qd8 15. Qd2 Kh7 16. Rh4 h5 17. Bg5 Kg8 18. Ne4 Nxe4 19. Bxe4 Nf6 20. Bh6 Nxe4 21. Rexe4 Bf5 22. Bxg7 Kxg7 23. Rb4 e4 24. Ng5 e3 25. Qd4+ Kg8 26. Nf3 e2 27. Ne1 Qxa5 28. g4 Re4 29. Qb6 Qxb4 0-1

[Event "*** Titled Tuesday Blitz"]
[Site "Chess.com"]
[Date "2020.02.04"]
[Round "7"]
[White "ZenBull"]
[Black "arjwezhrtdrz"]
[Result "0-1"]
[WhiteElo "2100"]
[BlackElo "2240"]
[TimeControl "180+2"]
[EndTime "14:32:03 PST"]
[Termination "arjwezhrtdrz won by resignation"]

1. Nf3 d6 2. d4 c6 3. c4 Nf6 4.
Nc3 Bg4 5. e3 Nbd7 6. Be2 e5 7.
h3 Bxf3 8. Bxf3 Be7 9. O-O O-O 10.
b3 Qc7 11. Bb2 Rfe8 12. Qc2 a5 13. Rfd1 Rad8 14. Rac1 Nf8 15. Qb1 Ng6 16. Qa1 Bf8 17. dxe5 dxe5 18. Rxd8 Rxd8 19. Rd1 Rxd1+ 20. Qxd1 Qd7 21.
Qxd7 Nxd7 22. Kf1 f5 23. Be2 e4 24. f3 exf3 25. Bxf3 Bd6 26. Ne2 Be5 27. Bd4 Kf7 28.
Kf2 Ne7 29. g4 g6 30. gxf5 Nxf5 31. Bg4 Bxd4 32. exd4 Kf6 33. Bf3 Nd6 34. Ng3 h6 35. Ne4+ Nxe4+ 36. Bxe4 g5 37. Kg3 h5 38. Kf3 Ke6 39. d5+ Kd6 40. dxc6 bxc6 41. Bg6 Ne5+ 42. Ke4 Nxg6 43. Kf5 g4 44. hxg4 hxg4 45. Kxg4 Ke5 46. Kf3 Kd4 47. Kg4 Ne5+ 48. Kf5 Nd3 49. Ke6 Kc5 50. Kf5 Nc1 0-1

[Event "*** Titled Tuesday Blitz"]
[Site "Chess.com"]
[Date "2020.02.04"]
[Round "7"]
[White "JozefKneht"]
[Black "Schachmalanders"]
[Result "1-0"]
[WhiteElo "2433"]
[BlackElo "2261"]
[TimeControl "180+2"]
[EndTime "14:32:04 PST"]
[Termination "JozefKneht won on time"]

1. d4 d5 2. Bf4 g6 3. e3 Bg7 4.
Nf3 Nf6 5. Be2 O-O 6. O-O b6 7. c3 Bb7 8. a4 a5 9. Nbd2 Nbd7 10. Qb3 Ne4 11. Nxe4 dxe4 12. Ne1 e6 13. Nc2 e5 14. Bg3 Qe7 15. Na3 Rac8 16. Rad1 exd4 17. cxd4 Nf6 18. Nb5 Nd5 19. Rc1 c6 20. Na7 Nb4 21. Nxc8 Rxc8 22. Bc4 Re8 23. Rfd1 Bc8 24. Be2 Be6 25. Bc4 Bg4 26.
Rd2 h5 27. h3 Bf5 28. Be2 Be6 29. Qd1 Bd5 30. Bc4 Qe6 31. Bxd5 Qxd5 32. Rc3 Bh6 33. Bc7 Qd7 34. Bxb6 Nd5 35. Rb3 1-0

[Event "*** Titled Tuesday Blitz"]
[Site "Chess.com"]
[Date "2020.02.04"]
[Round "7"]
[White "Duhless"]
[Black "IMTominho"]
[Result "1/2-1/2"]
[WhiteElo "3048"]
[BlackElo "2808"]
[TimeControl "180+2"]
[EndTime "14:32:06 PST"]
[Termination "Game drawn by repetition"]

1. d4 d5 2. c4 c6 3. Nf3 Nf6 4. Nc3 a6 5. c5 Nbd7 6. g3 g6 7. Bg2 Bg7 8. O-O O-O 9. Qc2 Re8 10. Rd1 a5 11. Bf4 Nh5 12. Bg5 Nhf6 13. Rac1 h6 14. Bf4 Nh5 15. Bd2 e5 16. Nxe5 Nxe5 17. dxe5 Rxe5 18.
e4 d4 19. Na4 Bg4 20. Re1 d3 21. Qb1 Nf6 22. h3 Bxh3 23. Bxh3 Nxe4 24. Rcd1 Qd4 25.
Rxe4 Rxe4 26. Nc3 Re2 27. Be1 Ree8 28. Bf1 Qxc5 29. Rxd3 Rad8 30. Bd2 h5 31. Be3 Qe7 32. Rxd8 Rxd8 33. Ne4 Qe6 34. Ng5 Qg4 35. Qc2 Rd5 36. Ne4 h4 37. Be2 Qh3 38. Bf1 Qg4 39. Be2 Qh3 40.
Bf1 Qg4 1/2-1/2

[Event "*** Titled Tuesday Blitz"]
[Site "Chess.com"]
[Date "2020.02.04"]
[Round "7"]
[White "maciek_92"]
[Black "Kislov_Oleg"]
[Result "0-1"]
[WhiteElo "2806"]
[BlackElo "2509"]
[TimeControl "180+2"]
[EndTime "14:32:07 PST"]
[Termination "Kislov_Oleg won by resignation"]

1. Nf3 d5 2. b3 Nf6 3. Bb2 e6 4. e3 c5 5. Be2 Nc6 6. O-O Bd6 7. d4 O-O 8. Nbd2 b6 9. a3 Bb7 10. Bd3 Rc8 11. Qe2 Qe7 12. Ne5 Nd7 13. f4 f6 14.
Bxh7+ Kxh7 15. Qh5+ Kg8 16. Ng6 Qe8 17. Rf3 f5 18. Rg3 Nf6 19. Qh8+ Kf7 20. Ne5+ Ke7 21. Qxg7+ Rf7 22. Qg5 cxd4 23. Ndf3 Rh7 24. Ng6+ Kf7 25. Nfe5+ Bxe5 26. Nxe5+ Nxe5 27. fxe5 Qh8 28. Qg6+ Ke7 29. exf6+ Kd6 30. Bxd4 Rxh2 31. Ra2 Rh1+ 32. Kf2 Qh2 33. Rh3 Qg1+ 34. Kf3 Rxh3+ 35. gxh3 Qxg6 0-1

[Event "*** Titled Tuesday Blitz"]
[Site "Chess.com"]
[Date "2020.02.04"]
[Round "7"]
[White "GMKrikor"]
[Black "kosya4ok"]
[Result "1-0"]
[WhiteElo "2802"]
[BlackElo "2621"]
[TimeControl "180+2"]
[EndTime "14:32:12 PST"]
[Termination "GMKrikor won by resignation"]

1. Nf3 d5 2. c4 d4 3. b4 g6 4. d3 e5 5. a3 Bg7 6. g3 a5 7. b5 a4 8. Bg2 Nd7 9. O-O Ne7 10. Bd2 O-O 11. Bb4 Re8 12. Nbd2 f5 13.
Qc2 c5 14. bxc6 bxc6 15. Bd6 Ra5 16. Rab1 c5 17. Ng5 Nf8 18. Bxe7 Rxe7 19. Bd5+ Kh8 20. Nf7+ Rxf7 21. Bxf7 e4 22. Rb8 Nd7 23. Rb5 Ne5 24. Rxa5 Qxa5 25. Bd5 exd3 26. exd3 f4 27. Kg2 Bf5 28.
Be4 Bxe4+ 29. Nxe4 f3+ 30. Kh1 Bh6 31. Rb1 Bf8 32. h3 Qa8 33. Kh2 Qc8 34. Re1 Ng4+ 35.
hxg4 Qxg4 36. Qd1 Be7 37. Nd2 Qh5+ 38. Kg1 Bg5 39. Nxf3 1-0

[Event "*** Titled Tuesday Blitz"]
[Site "Chess.com"]
[Date "2020.02.04"]
[Round "7"]
[White "dmosesov"]
[Black "kacprekt"]
[Result "1/2-1/2"]
[WhiteElo "2586"]
[BlackElo "2417"]
[TimeControl "180+2"]
[EndTime "14:32:17 PST"]
[Termination "Game drawn - insufficient material"]

1. d4 Nf6 2. c4 g6 3. Nc3 d5 4. Bf4 Bg7 5. e3 O-O 6. Rc1 Be6 7. Qb3 Nc6 8. Qxb7 Na5 9. Qxc7 Nxc4 10. b3 Nb6 11. Qxd8 Rfxd8 12. Bd3 Nh5 13. Nge2 a5 14. a4 Nxf4 15. Nxf4 Bg4 16. h3 Bc8 17. O-O Bb7 18. Nb5 e5 19. dxe5 Bxe5 20. Ne2 Kf8 21. f4 Bb2 22. Rc7 Ba6 23. f5 g5 24. f6 Bxb5 25. axb5 Rd6 26. Rc6 Rad8 27. Bxh7 Rxc6 28. bxc6 Rc8 29. Nd4 Bxd4 30. exd4 Rxc6 31. g4 a4 32. bxa4 Nxa4 33. h4 gxh4 34. g5 Nc3 35. Ra1 Rc8 36. Kh2 Ne2 37. Ra4 Nf4 38. Bf5 Rb8 39. Ra2 Re8 40. Rf2 Re2 41. Rxe2 Nxe2 42. Kh3 Nxd4 43. Bd3 Nf3 44. g6 fxg6 45. Bxg6 d4 46. Bh5 Ne5 47. Kxh4 Nd7 48. f7 Ne5 49.
Kg3 Nxf7 50. Bxf7 Kxf7 51. Kf3 Ke6 52. Ke4 d3 53. Kxd3 1/2-1/2